 Dungeon Crawl Stone Soup version 0.22-a0-110-g5b255cf (webtiles) character file.

394 4thArraOfDagon the Chopper (level 6, -4/56 HPs)
             Began as a Deep Dwarf Wanderer on Jan 27, 2018.
             Slain by a two-headed ogre
             ... wielding a +0 giant club
              (13 damage)
             ... on level 9 of the Dungeon.
             The game lasted 00:05:06 (827 turns).

4thArraOfDagon the Chopper (Deep Dwarf Wanderer)     Turns: 827, Time: 00:05:06

Health: -4/56      AC:  5    Str: 18    XL:     6   Next: 52%
Magic:  5/5        EV: 13    Int: 15    God:
Gold:   58         SH:  0    Dex: 14    Spells: 5/5 levels left

rFire    . . .     SeeInvis .   b - +0 hand axe
rCold    . . .     Gourm    .   (no shield)
rNeg     . . .     Faith    .   a - +2 leather armour
rPois    .         Spirit   .   (no helmet)
rElec    .         Reflect  .   (no cloak)
rCorr    .         Harm     .   (no gloves)
MR       .....                  (no boots)
Stlth    +.........             (no amulet)
HPRegen  0.00/turn              (no ring)
MPRegen  0.09/turn              (no ring)

@: mighty, non-regenerating
A: damage resistance, heal wounds, sense surroundings 1, no regeneration
a: Heal Wounds


You were on level 9 of the Dungeon.
You were not hungry.

You visited 1 branch of the dungeon, and saw 9 of its levels.

You collected 58 gold pieces.

Inventory:

Hand Weapons
 b - a +0 hand axe (weapon)
Missiles
 e - 7 steel javelins (quivered)
Armour
 a - a +2 leather armour (worn)
Scrolls
 h - a scroll of fog
Comestibles
 d - 3 rations


   Skills:
 + Level 3.1 Fighting
 * Level 5.1 Axes
 + Level 3.9 Armour
 + Level 3.9 Dodging
   Level 1.1 Shields
   Level 1.3 Evocations


You had 5 spell levels left.
You didn't know any spells.

Dungeon Overview and Level Annotations

Branches:
Dungeon (9/15)
 Temple: D:4-7         Lair: D:8-11         Orc: D:9-12

Altars:

Annotations:
D:1 exclusion: door
D:6 Eustachio


Innate Abilities, Weirdness & Mutations

You are resistant to damage.
You can heal yourself by infusing magical energy.
You passively map a small area around you.
You do not regenerate.


Message History

You kill the orc!
You hit the orc wizard.
The two-headed ogre hits you with a giant club!!
* * * LOW HITPOINT WARNING * * *
The two-headed ogre closely misses you. The orc wizard closely misses you.
You hear some strange, mumbled words.
A puff of flame appears from out of thin air!
The puff of flame hits you!
* * * LOW HITPOINT WARNING * * *
The orc wizard mumbles some strange words.
The orc wizard blinks!
Unknown command.
Unknown command.
Unknown command.
You hit the two-headed ogre.
The two-headed ogre is moderately wounded.
You hit something. You barely miss the orc wizard.
The orc wizard hits you with a dagger.
The two-headed ogre hits you with a giant club!
You die...

, 8 * #....# ..#
#....##..# #........##
** #.......... *
#####.....#..# ,
*##............., *
#.##..{oo..$..#..# ** *
......O@).....#..## ,**
, .y.o.o###.#...#...,
.., ,,
..........#...#..###.##
,
..............#.......#
y.##..#####...#..###..#
, ., ..
.............#..# .
,................# * ,
,####..#.####.#..# *
*#..#.........#


You could see a two-headed ogre, 2 killer bees, 3 orc wizards and an orc.

Vanquished Creatures
  A water moccasin (D:8)
  An ice beast (D:6)
  A bullfrog (D:3)
  A howler monkey (D:6)
  A hound (D:9)
  An adder (D:3)
  A shadow imp (D:6)
  2 leopard geckos (D:3)
  7 orcs
  A ball python (D:1)
  4 bats
  3 giant cockroaches
  2 goblins
  2 hobgoblins (D:3)
  4 kobolds (D:1)
  A quokka (D:3)
  3 frilled lizards
  2 rats
38 creatures vanquished.

Vanquished Creatures (others)
  A leopard gecko (D:6)
1 creature vanquished.

Grand Total: 39 creatures vanquished

Notes
Turn   | Place    | Note
-------+----------+-------------------------------------------
     0 | D:1      | 4thArraOfDagon the Deep Dwarf Wanderer began the quest for the Orb.
     0 | D:1      | 4thArraOfDagon set off with: a +2 leather armour, a +0 hand axe, a wand of random effects (15), a ration
     0 | D:1      | Reached XP level 1. HP: 19/19 MP: 2/2
   165 | D:1      | Reached XP level 2. HP: 26/26 MP: 3/3
   251 | D:3      | Noticed a bullfrog
   264 | D:3      | Killed a bullfrog
   264 | D:3      | Reached skill level 3 in Axes
   264 | D:3      | Reached XP level 3. HP: 17/33 MP: 4/4
   264 | D:3      | Reached XP level 4. HP: 21/40 MP: 5/5
   399 | D:5      | Entered Level 5 of the Dungeon
   405 | D:5      | Noticed a necrophage
   606 | D:5      | Noticed an ogre
   654 | D:7      | Noticed a hippogriff
   662 | D:6      | Noticed an ice beast
   702 | D:6      | Noticed a centaur
   716 | D:6      | Killed an ice beast
   716 | D:6      | Reached skill level 4 in Axes
   716 | D:6      | Reached XP level 5. HP: 40/46 MP: 4/4
   730 | D:6      | Noticed Eustachio
   745 | D:6      | Noticed an ogre
   770 | D:7      | Noticed a water moccasin
   773 | D:7      | Noticed an ogre
   783 | D:8      | Killed a water moccasin
   783 | D:8      | Reached skill level 5 in Axes
   783 | D:8      | Reached XP level 6. HP: 18/56 MP: 5/5
   817 | D:9      | Noticed a two-headed ogre
   827 | D:9      | Slain by a two-headed ogre

Vault maps used:
D:1:      sevenhm_arrival_forest_fort_large_4
D:2:      grunt_dithmenos_smoke_and_mirrors
D:3:      first_ration
D:4:      minmay_temple_entry_statues_fountains, uniq_ijyb, uniq_sigmund,
          uniq_crazy_yiuf_cottage, uniq_grinder
D:5:      serial_bayou_lagoon_a
D:6:      serial_glass, glass_columns_a, glass_columns_c, lemuel_flame_loot_1,
          uniq_eustachio
D:7:      kennysheep_generic_room_15
D:8:      uniq_psyche
D:9:      hiddenorc1_lemuel

Skill      XL: |  1  2  3  4  5 |
---------------+----------------+-----
Fighting       | 2 3 |  3.1
Axes           | 3 4 5 |  5.1
Armour         | 3 |  3.9
Dodging        | 3 |  3.9
Shields        | |  1.1
Evocations     | |  1.3

Action                   |  1- 3 |  4- 6 || total
-------------------------+-------+-------++-------
Melee: Hand axe          |    46 |    91 ||   137
Throw: Javelin           |     3 |       ||     3
 Abil: Heal Wounds       |       |     4 ||     4
Evoke: Wand              |     5 |    10 ||    15
  Use: Scroll            |       |     3 ||     3
       Potion            |       |     3 ||     3
Armor: Leather armour    |    22 |    40 ||    62
Dodge: Dodged            |    37 |   113 ||   150

Table legend:
 A = Spawn XP
 B = Non-spawn XP
 C = Spawn XP percentage of total XP
 D = Spawn monster count
 E = Non-spawn monster count
 F = Spawn count percentage of total count
 G = Total turns spent on level
                    A         B        C        D         E        F      G
               +---------+---------+-------+---------+---------+-------+---------
         Total |       0 |     564 |   0.0 |       0 |      38 |   0.0 |   827
               +---------+---------+-------+---------+---------+-------+---------
           D:1 |       0 |      18 |   0.0 |       0 |      11 |   0.0 |   211
           D:2 |       0 |       1 |   0.0 |       0 |       1 |   0.0 |    25
           D:3 |       0 |     133 |   0.0 |       0 |      18 |   0.0 |   155
           D:6 |       0 |     207 |   0.0 |       0 |       3 |   0.0 |   115
           D:8 |       0 |     151 |   0.0 |       0 |       1 |   0.0 |    13
           D:9 |       0 |      54 |   0.0 |       0 |       4 |   0.0 |    34
               +---------+---------+-------+---------+---------+-------+---------
